 Dungeon Crawl Stone Soup version 0.21.1-1-g345015f (webtiles) character file.

88 inc the Stinger (level 4, -1/27 HPs)
             Began as an Octopode Venom Mage on June 17, 2018.
             Slain by a centaur (7 damage)
             ... on level 3 of the Dungeon.
             The game lasted 00:04:44 (2902 turns).

inc the Stinger (Octopode Venom Mage)               Turns: 2902, Time: 00:04:44

Health: -1/27      AC:  1    Str:  7    XL:     4   Next: 54%
Magic:  2/8        EV: 13    Int: 18    God:
Gold:   142        SH:  0    Dex: 12    Spells: 8/9 levels left

rFire    . . .     SeeInvis .   o - +0 short sword
rCold    . . .     Gourm    .   (no shield)
rNeg     . . .     Faith    .   (helmet restricted)
rPois    .         Spirit   .   (no amulet)
rElec    .         Reflect  .   (no ring)
rCorr    .         Harm     .   (no ring)
MR       .....                  (no ring)
Stlth    +++.......             (no ring)
HPRegen  0.09/turn              (no ring)
MPRegen  0.11/turn              (no ring)
                                (no ring)
                                (no ring)

@: no status effects
A: almost no armour, stealthy swim, amphibious, 8 rings, constrict 8, camouflage
1, gelatinous body 1
a: no special abilities


You were on level 3 of the Dungeon.
You were very hungry.

You visited 1 branch of the dungeon, and saw 3 of its levels.

You collected 142 gold pieces.

Inventory:

Hand Weapons
 c - a -2 short sword
 m - a +0 hand axe
 o - a +0 short sword (weapon)
Scrolls
 e - a scroll of amnesia {unknown}
 f - a scroll of blinking {unknown}
 g - 3 scrolls of remove curse
 h - 2 scrolls of identify {unknown}
 j - a scroll of magic mapping {unknown}
 k - a scroll of teleportation {unknown}
 l - a scroll of enchant weapon {unknown}
 n - 2 scrolls of fear {unknown}
 p - a scroll of fog {unknown}
Potions
 d - a potion of lignification {unknown}
 i - 2 potions of brilliance
Books
 a - a Young Poisoner's Handbook

   Spells                             Type                      Level
   a - Sting                          Conjuration/Poison           1
   b - Poisonous Vapours              Poison/Air                   2
   c - Mephitic Cloud                 Conjuration/Poison/Air       3
   d - Olgreb's Toxic Radiance        Poison                       4
   e - Venom Bolt                     Conjuration/Poison           5
Comestibles
 b - 6 rations


   Skills:
 - Level 2.0 Dodging
 - Level 2.6 Stealth
 + Level 3.2 Spellcasting
 - Level 1.0 Conjurations
 + Level 5.2 Poison Magic


You had 8 spell levels left.
You knew the following spells:

 Your Spells              Type           Power        Failure   Level  Hunger
a - Sting                 Conj/Pois      ##..         4%          1    None


Dungeon Overview and Level Annotations

Branches:
Dungeon (3/15)

Altars:
Okawaru
Qazlal
Uskayaw
Yredelemnul


Innate Abilities, Weirdness & Mutations

You cannot wear most types of armour.
You are very stealthy in the water. (Stealth+)
You are amphibious.
You can wear up to eight rings at the same time.
You can use your tentacles to constrict eight enemies at once.
Your skin changes colour to match your surroundings (Stealth+).
Your rubbery body absorbs attacks. (AC +1, EV +1)


Message History

The centaur barely misses you. x2
Casting: Sting
Confirm with . or Enter, or press ? or * to list all spells.
Aiming: Sting
Press: ? - help, Shift-Dir - straight line, f/p - centaur
Aim: a centaur (heavily wounded, fast, poisoned)
The sting hits the centaur.
The centaur appears unharmed.
The centaur is heavily wounded.
The centaur hits you.
* * * LOW HITPOINT WARNING * * *
The centaur closely misses you.
Casting: Sting
Confirm with . or Enter, or press ? or * to list all spells.
Aiming: Sting
Press: ? - help, Shift-Dir - straight line, f/p - centaur
Aim: a centaur (severely wounded, fast, poisoned)
The sting hits the centaur.
The centaur is almost dead.
The centaur hits you!
You die...

#.##.##.##.# ..
#.......##.. ..#
####..[.##.# ..##
####.##.###..#
##.##.##...# ...
#...#.##...# (...
#..........# #.8.#
#...#....(c##...
########.@##...
##..#..#
#...#†#########
#..))............
#...###.#.##..#..
#....)....# ....
#####....####.# .....
..............##.....
.....................


You could see a centaur.

Vanquished Creatures
  2 adders
  An ooze (D:2)
  A worm (D:2)
  2 dart slugs
  8 orcs (D:3)
  5 giant cockroaches
  7 goblins
  5 hobgoblins
  4 jackals (D:1)
  A ball python (D:2)
  2 bats (D:1)
  A frilled lizard (D:1)
  5 kobolds
  4 rats
  A plant (D:2)
49 creatures vanquished.

Notes
Turn   | Place    | Note
-------+----------+-------------------------------------------
     0 | D:1      | inc the Octopode Venom Mage began the quest for the Orb.
     0 | D:1      | Reached XP level 1. HP: 11/11 MP: 3/3
    35 | D:1      | Reached skill level 4 in Poison Magic
   428 | D:1      | Reached XP level 2. HP: 10/17 MP: 1/5
  1237 | D:2      | Reached XP level 3. HP: 21/21 MP: 1/6
  1530 | D:2      | Found a basalt altar of Yredelemnul.
  1949 | D:2      | Found a hide-covered altar of Uskayaw.
  1949 | D:2      | Found a stormy altar of Qazlal.
  2117 | D:2      | Found an iron altar of Okawaru.
  2321 | D:3      | Reached skill level 5 in Poison Magic
  2321 | D:3      | Reached XP level 4. HP: 14/27 MP: 0/8
  2764 | D:3      | Noticed a centaur
  2902 | D:3      | Slain by a centaur

Skill      XL: |  1  2  3 |
---------------+----------+-----
Poison Magic   | 4 5 |  5.2
Spellcasting   | 3 |  3.2
Dodging        | |  2.0
Stealth        | |  2.6
Conjurations   | |  1.0

Action                   |  1- 3 |  4- 6 || total
-------------------------+-------+-------++-------
Melee: Unarmed           |    11 |       ||    11
       Constrict         |    10 |     7 ||    17
       Tentacles         |    13 |     7 ||    20
       Short sword       |    51 |    26 ||    77
 Cast: Sting             |    59 |    26 ||    85
  Use: Potion            |     6 |       ||     6
       Scroll            |       |     1 ||     1
 Stab: Sleeping          |     1 |     2 ||     3
  Eat: Chunk             |     4 |     1 ||     5
Armor: Skin              |     4 |     1 ||     5
Dodge: Dodged            |    44 |    22 ||    66
